 Dungeon Crawl Stone Soup version 0.23.2-40-g277498a (webtiles) character file.

Game seed: 18368170805949017927

375 Fondut the Ruffian (level 6, -2/52 HPs)
             Began as a Ghoul Gladiator on Sept 13, 2019.
             Slain by an ogre
             ... wielding a +0 giant club
              (15 damage)
             ... on level 3 of the Dungeon.
             The game lasted 00:05:35 (4016 turns).

Fondut the Ruffian (Ghoul Gladiator)                Turns: 4016, Time: 00:05:36

Health: -2/52      AC: 10    Str: 20    XL:     6   Next: 73%
Magic:  5/5        EV:  8    Int:  3    God:
Gold:   117        SH:  0    Dex: 10    Spells: 5/5 levels left

rFire    . . .     SeeInvis .     - Unarmed
rCold    + . .     Gourm    .   (no shield)
rNeg     + + +     Faith    .   p - +0 chain mail
rPois    ∞         Spirit   .   b - +0 helmet
rElec    .         Reflect  .   (no cloak)
rCorr    .         Harm     .   (no gloves)
MR       .....                  f - +0 pair of boots
Stlth    ..........             (no amulet)
HPRegen  0.00/turn              m - ring of flight
MPRegen  0.09/turn              (no ring)

@: rotting
A: rotting body, claws 1, carnivore, cold resistance 1, negative energy
resistance 3, inhibited regeneration, torment resistance, unbreathing
a: Evoke Flight


You were on level 3 of the Dungeon.
You were not hungry.

You visited 1 branch of the dungeon, and saw 4 of its levels.

You collected 117 gold pieces.

Inventory:

Missiles
 c - 3 throwing nets (quivered)
Armour
 a - a +0 leather armour
 b - a +0 helmet (worn)
 f - a +0 pair of boots (worn)
 p - a +0 chain mail (worn)
Jewellery
 g - an uncursed ring of magical power {unknown}
 j - an uncursed amulet of the gourmand {unknown}
 m - a ring of flight (left claw)
 q - an uncursed amulet of guardian spirit {unknown}
 r - an uncursed ring of stealth {unknown}
 s - an uncursed amulet of guardian spirit {unknown}
Scrolls
 h - 3 scrolls of teleportation
 k - 2 scrolls of magic mapping {unknown}
 l - a scroll of amnesia {unknown}
 t - a scroll of identify {unknown}
Potions
 e - a potion of brilliance {unknown}
 n - a potion of magic {unknown}
 o - 2 potions of mutation {unknown}
Comestibles
 d - 9 rations
 i - 4 chunks of flesh


   Skills:
 + Level 4.2 Fighting
 - Level 1.7 Throwing
 + Level 4.0 Dodging
 * Level 6.1 Unarmed Combat


You had 5 spell levels left.
You didn't know any spells.
Your spell library was empty.

Dungeon Overview and Level Annotations

Branches:
Dungeon (4/15)
 Temple: D:4-7

Altars:
Makhleb

Annotations:
D:3 1 runed translucent door, Crazy Yiuf
D:4 1 runed translucent door


Innate Abilities, Weirdness & Mutations

Your body is rotting away.
You thrive on raw meat.
You are immune to poison.
You have sharp fingernails.
You are carnivorous and can eat meat at any time.
Your flesh is cold resistant. (rC+)
You are immune to negative energy. (rN+++)
You do not regenerate when monsters are visible.
You are immune to unholy pain and torment.
You can survive without breathing.


Message History

Level annotation: 1 runed translucent door, Crazy Yiuf
There is a stone staircase leading down here.
There is an open door here.
You scratch the ogre.
The ogre is moderately wounded.
The ogre hits you with a +0 giant club!!
You scratch the ogre.
The ogre is heavily wounded.
The ogre hits you with a +0 giant club!
* * * LOW HITPOINT WARNING * * *
You are too injured to fight recklessly!
You claw the ogre!
The ogre is almost dead.
The orc wizard gestures wildly while chanting.
The orc wizard seems to speed up.
Your chain mail prevents you from hitting the ogre.
Your claw misses the ogre.
The ogre is almost dead.
The ogre hits you with a +0 giant club!
You die...

#......###### #......##...#
#......##...#
##......##...####
#....>..'.......##
######.......#######[.#######
#............# ##........
#......###'##########..######
#......###oO@................
#####...##############.######
#...# #.# #...# #.# #.).# ###
#...# ##'## ######## ##.####
##....#.### ### #.....#
##......#..##...#


You could see an ogre and an orc wizard.

Vanquished Creatures
  A howler monkey (D:4)
  An orc priest (D:3)
  2 orc wizards (D:3)
  A hound (D:3)
  Jessica (D:3)
  Robin (D:3)
  8 adders
  An adder skeleton (D:4)
  2 worms
  3 dart slugs
  5 leopard geckos
  4 orcs (D:3)
  A ball python (D:2)
  11 bats
  A giant cockroach (D:3)
  14 hobgoblins
  2 jackals (D:3)
  4 kobolds
  3 quokkas
  5 frilled lizards
  12 goblins
  15 rats
98 creatures vanquished.

Notes
Turn   | Place    | Note
-------+----------+-------------------------------------------
     0 | D:1      | Fondut the Ghoul Gladiator began the quest for the Orb.
     0 | D:1      | Reached XP level 1. HP: 17/17 MP: 0/0
   263 | D:1      | Reached XP level 2. HP: 2/25 MP: 1/1
   840 | D:1      | Reached skill level 4 in Unarmed Combat
   840 | D:1      | Reached XP level 3. HP: 29/30 MP: 2/2
  1316 | D:2      | Reached XP level 4. HP: 28/37 MP: 3/3
  2343 | D:3      | Found a burning altar of Makhleb.
  2346 | D:3      | Reached XP level 5. HP: 45/45 MP: 4/4
  2380 | D:3      | Reached skill level 5 in Unarmed Combat
  2432 | D:3      | Noticed Robin
  2485 | D:3      | Killed Robin
  2854 | D:3      | Noticed Jessica
  2862 | D:3      | Killed Jessica
  2862 | D:3      | Reached XP level 6. HP: 48/52 MP: 5/5
  3396 | D:3      | Found a runed translucent door.
  3397 | D:3      | Noticed Crazy Yiuf
  3967 | D:4      | Found a runed translucent door.
  3981 | D:4      | Reached skill level 6 in Unarmed Combat
  4016 | D:3      | Slain by an ogre

Skill      XL: |  1  2  3  4  5  6 |
---------------+-------------------+-----
Dodging        | 3 4 |  4.0
Unarmed Combat | 4 5 6 |  6.1
Fighting       | 3 4 |  4.2
Throwing       | |  1.7

Action                   |  1- 3 |  4- 6 || total
-------------------------+-------+-------++-------
Melee: Unarmed           |   115 |   229 ||   344
       Punch             |     2 |     1 ||     3
  Use: Scroll            |       |     2 ||     2
  Eat: Chunk             |     4 |     9 ||    13
Armor: Leather armour    |    32 |    42 ||    74
       Chain mail        |       |    47 ||    47
Dodge: Dodged            |    66 |   119 ||   185
